 Dungeon Crawl Stone Soup version 0.27-a0-1202-ge72e49191c (webtiles) character file.

Game seed: 12144643537105090962

4 Snicker the Sneak (level 1, -1/9 HPs)
             Began as a Spriggan Enchanter on June 4, 2021.
             Slain by a goblin
             ... wielding a +0 dagger
              (4 damage)
             ... on level 1 of the Dungeon.
             The game lasted 00:00:25 (56 turns).

Snicker the Sneak (Spriggan Enchanter)                Turns: 56, Time: 00:00:26

Health: -1/9       AC:  2    Str:  4    XL:     1   Next: 50%
Magic:  5/5        EV: 17    Int: 16    God:
Gold:   23         SH:  0    Dex: 15    Spells: 4/5 levels left

rFire    x . .     SeeInvis +   a - +1 dagger
rCold    + . .     Faith    .   (shield restricted)
rNeg     . . .     Spirit   .   b - +0 robe
rPois    .         Reflect  .   (helmet restricted)
rElec    .         Harm     .   (no cloak)
rCorr    .         Rampage  .   (gloves unavailable)
Will     .....                  (boots unavailable)
Stlth    +++.......             (no amulet)
HPRegen  0.03/turn              c - ring of ice
MPRegen  0.09/turn              (no ring)

@: very quick
A: very small, no large weapons, unfitting armour, see invisible, speed 3
a: no special abilities


You were on level 1 of the Dungeon.
You visited 1 branch of the dungeon, and saw 1 of its levels.

You collected 23 gold pieces.

Inventory:

Hand Weapons
 a - a +1 dagger (weapon)
Armour
 b - a +0 robe (worn)
Jewellery
 c - a ring of ice (left hand)
 d - an amulet of the acrobat


   Skills:
 * Level 1.2 Short Blades
 - Level 2.6 Dodging
 * Level 4.8 Stealth
 - Level 2.6 Spellcasting
 - Level 3.6 Hexes


You had 4 spell levels left.
You knew the following spells:

 Your Spells              Type           Power      Damage    Failure   Level
a - Corona                Hex            14%        N/A       4%          1

Your spell library contained the following spells:

 Spells                   Type           Power      Damage    Failure   Level
 Confusing Touch          Hex            13%        N/A       13%         3
 Tukima's Dance           Hex            13%        N/A       13%         3
 Ensorcelled Hibernation  Hex/Ice        22%        N/A       14%         2
 Dazzling Flash           Conj/Hex       14%        N/A       28%         3


Dungeon Overview and Level Annotations

Branches:
Dungeon (1/15)

Altars:


Innate Abilities, Weirdness & Mutations

You are very small and have problems with some larger weapons.
You are too small for most types of armour.
You have supernaturally acute eyesight. (SInv)
You cover ground extremely quickly. (Speed+++)


Message History

The bat barely misses you.
You closely miss the goblin.
The goblin is severely wounded.
You hit the goblin.
You kill the goblin!
The bat barely misses you. The bat closely misses you.
You closely miss the bat.
The bat is severely wounded.
The bat misses you.
You hit the bat.
You kill the bat!
The goblin shouts!
You hear a shout! x2
Items here: ) †††.
You see here 14 gold pieces.
You now have 14 gold pieces.
You see here 9 gold pieces.
You now have 23 gold pieces (gained 9).
You see here an amulet of the acrobat.
d - an amulet of the acrobat
There are no items here.
You hit the goblin.
The goblin is severely wounded.
The goblin misses you.
You closely miss the goblin.
The goblin is severely wounded.
The goblin hits you with a +0 club.
* * * LOW HITPOINT WARNING * * *
You hit the goblin.
You kill the goblin!
You open the door.
There is an open door here.
You close the door.
You start putting on your amulet.
You continue putting on your amulet of the acrobat.
Keep equipping yourself?
You continue putting on your amulet of the acrobat. x2
The goblin barely misses you.
You continue putting on your amulet of the acrobat.
The goblin hits you with a +0 dagger.
You die...

#..)...........
#.#####)####...
##.#####.# .
#........#
#.####'####
#g#.......#
#.#.8.8.8.#
#.#.......#
#.g@8.<.8.+
###.......#
#.8.8.8.#
#.......#
####+####


You could see a goblin.

Vanquished Creatures
  2 goblins (D:1)
  A ball python (D:1)
  A bat (D:1)
4 creatures vanquished.

Notes
Turn   | Place    | Note
-------+----------+-------------------------------------------
     0 | D:1      | Snicker the Spriggan Enchanter began the quest for the Orb.
     0 | D:1      | Reached XP level 1. HP: 9/9 MP: 5/5
    56 | D:1      | Slain by a goblin

Illustrated notes

Levels and vault maps discovered:
D:1:      doesnt_arrival_eight_statues, layout_basic

Action                   || total
-------------------------++-------
Melee: Dagger            ||    13
Armor: Robe              ||     1
Dodge: Dodged            ||    16

Table legend: (Time is in decaauts)
 A = Elapsed time spent in this place.
 B = Non-inter-level travel time spent in this place.
 C = Inter-level travel time spent in this place.
 D = Time resting spent in this place.
 E = Time spent auto-exploring this place.
 F = Levels seen in this place.
 G = Mean time per level.
                   A        B        C        D        E       F      G
               +--------+--------+--------+--------+--------+-----+--------+
         Total |     42 |     42 |      0 |      0 |      2 |   1 |   42.0 |
       Dungeon |     42 |     42 |      0 |      0 |      2 |   1 |   42.0 |
               +--------+--------+--------+--------+--------+-----+--------+

Top non-repeatable levels by time:
     D:1: 42 daAuts
